 Dungeon Crawl Stone Soup version 0.18-a0-946-g3ac5b32 (webtiles) character file.

78 Leibowitz the Shield-Bearer (level 3, -4/31 HPs)
             Began as a Demigod Fighter on Dec 29, 2015.
             Slain by Leszczynek's ghost (9 damage)
             ... on level 3 of the Dungeon.
             The game lasted 00:05:48 (2236 turns).

Leibowitz the Shield-Bearer (Demigod Fighter)       Turns: 2236, Time: 00:05:48

Health: -4/31      AC:  3    Str: 24    XL:     3   Next: 94%
Magic:  5/5        EV:  9    Int: 12    God:
Gold:   128        SH: 10    Dex: 17    Spells: 0 memorised, 2 levels left

rFire  . . .     SeeInvis .     a - +0 rapier
rCold  + . .     Gourm    .     q - +0 leather armour
rNeg   . . .     Faith    .     c - +0 shield
rPois  .         Spirit   .     (no helmet)
rElec  .         Dismiss  .     (no cloak)
rCorr  .         Reflect  .     (no gloves)
SustAt +         Harm     .     (no boots)
MR     .....                    (no amulet)
Stlth  ++........               (no ring)
                                n - ring of protection from cold

@: mighty, not resistant to hostile enchantments, unstealthy
A: high mp 1, sustain attributes
a: no special abilities


You were on level 3 of the Dungeon.
You were hungry.

You visited 1 branch of the dungeon, and saw 3 of its levels.

You collected 128 gold pieces.

Inventory:

Hand Weapons
 a - a +0 rapier (weapon)
Missiles
 o - 15 poisoned needles
 r - 2 throwing nets (quivered)
Armour
 c - a +0 shield (worn)
 q - a +0 leather armour (worn)
Jewellery
 n - a ring of protection from cold (left hand)
Scrolls
 e - 2 scrolls of remove curse {unknown}
 g - a scroll of random uselessness {unknown}
 h - 2 scrolls of fear {unknown}
 j - a scroll of teleportation {unknown}
 k - a scroll of enchant weapon {unknown}
 p - a scroll of noise {unknown}
Comestibles
 f - 3 bread rations
 i - 2 meat rations
 l - 3 fruits


   Skills:
 * Level 3.1 Fighting
 * Level 2.0 Short Blades
 * Level 3.0 Armour
 * Level 1.4 Dodging
 * Level 0.6 Stealth
 * Level 3.4 Shields


You had 2 spell levels left.
You didn't know any spells.

Dungeon Overview and Level Annotations

Branches:
Dungeon (3/15)

Annotations:
D:3 Leszczynek's ghost, amateur GrNe


Innate Abilities, Weirdness & Mutations

You have an increased reservoir of magic (+10% MP).
Your attributes are resistant to harm.


Message History

You hit Leszczynek's ghost but do no damage.
Leszczynek's ghost is moderately damaged.
You block Leszczynek's ghost's attack.
You hit Leszczynek's ghost.
Leszczynek's ghost is moderately damaged.
Leszczynek's ghost gestures at you while chanting.
Pain shoots through your body!
* * * LOW HITPOINT WARNING * * *
Leszczynek's ghost casts a spell at you.
You barely resist.
Drink which item? (? for menu, Esc to quit)
You feel better. Leszczynek's ghost hits you.
Drink which item? (? for menu, Esc to quit)
You feel very mighty all of a sudden. Leszczynek's ghost hits you.
* * * LOW HITPOINT WARNING * * *
You barely miss Leszczynek's ghost.
Leszczynek's ghost is moderately damaged.
Leszczynek's ghost hits you!
You die...

#. ...# #. #..<.
#.## #.### ... #
..# # #.# .. #W#
#.# #@# ### #.
###.###.#####.# #
#......#......#
#.#.###.#.#####
#.#.# #.#.# # #.#
#.#.#
#.###.#>########
#.#.............
..#.#.#.##########


You could see Leszczynek's ghost.

Vanquished Creatures
  3 adders (D:2)
  A worm (D:2)
  3 giant cockroaches
  7 goblins
  7 hobgoblins
  8 kobolds
  2 ball pythons
  12 bats
  2 giant newts
  4 rats
49 creatures vanquished.

Notes
Turn   | Place    | Note
--------------------------------------------------------------
     0 | D:1      | Leibowitz the Demigod Fighter began the quest for the Orb.
     0 | D:1      | Reached XP level 1. HP: 18/18 MP: 3/3
   412 | D:1      | Reached XP level 2. HP: 25/25 MP: 4/4
   641 | D:1      | Reached skill level 3 in Shields
  1099 | D:2      | Reached XP level 3. HP: 31/31 MP: 5/5
  1253 | D:2      | Reached skill level 1 in Dodging
  1763 | D:2      | Found a sacrificial altar of Ru.
  2221 | D:3      | Noticed Leszczynek's ghost (amateur GrNe)
  2236 | D:3      | Slain by Leszczynek's ghost

Vault maps used:
D:1:      lemuel_arrival_behind_the_door_small, grunt_decor_cap
D:2:      nicolae_ru_great_annihilating_truth
D:3:      lemuel_round_altar, first_bread, nrook_mini_vaults,
          cheibrodos_ashenzari_chains

Action                   || total
-------------------------++-------
Melee: Rapier            ||   202
  Use: Potion            ||     3
 Stab: Sleeping          ||     2
       Invisible         ||     1
       Paralysed         ||     1
  Eat: Chunk             ||     4
